Map: Ulrena

Players

ILLBdA

  • Race: Protoss Protoss
  • League: Diamond

질주 - Winner!

  • Race: Zerg Zerg
  • League: Diamond

VOD

Have the link to the VOD?

Description

Time

  • Played on: Jan. 1, 2016, 7:58 a.m.
  • Length: 8:50
Show
View Real Time Build Order
Export as new Build Order

ILLBdA Protoss 

Build Orders:  

Get SALT Encoding   

  12  0:01  Probe (Chrono Boost)  
  13  0:11  Probe (Chrono Boost)  
  14  0:20  Pylon  
  14  0:23  Probe (Chrono Boost)  
  15  0:38  Probe (Chrono Boost)  
  15  0:40  Gateway  
  16  0:49  Probe (Chrono Boost)  
  17  0:59  Probe (Chrono Boost)  
  17  1:00  Assimilator  
  18  1:06  Assimilator  
  18  1:10  Probe (Chrono Boost)  
  19  1:13  Gateway  
  19  1:20  Probe (Chrono Boost)  
  20  1:31  Probe (Chrono Boost)  
  20  1:32  Cybernetics Core  
  21  1:41  Probe (Chrono Boost)  
  21  1:46  Pylon  
  22  1:52  Probe (Chrono Boost)  
  23  2:08  Adept x2  
  27  2:09  Warp Gate  
  27  2:11  Probe (Chrono Boost)  
  28  2:22  Mothership Core (Chrono Boost)  
  30  2:28  Pylon  
  30  2:41  Nexus  
  30  2:46  Sentry, Probe (Chrono Boost)  
  33  2:57  Probe (Chrono Boost)  
  34  3:05  Gateway  
  36  3:20  Gateway  
  36  3:24  Probe (Chrono Boost)  
  36  3:26  Adept  
  37  3:35  Probe (Chrono Boost)  
  37  3:37  Robotics Facility  
  34  3:57  Pylon  
  35  4:12  Probe (Chrono Boost)  
  35  4:16  Sentry  
  35  4:17  Sentry  
  38  4:18  Probe (Chrono Boost)  
  38  4:24  Immortal (Chrono Boost)  
  43  4:27  Probe  
  43  4:28  Probe  
  45  4:32  Sentry  
  45  4:33  Pylon  
  47  4:51  Sentry, Zealot  
  47  4:52  Zealot  
  53  5:03  Pylon  
  53  5:12  Immortal (Chrono Boost)  
  53  5:13  Probe  
  58  5:15  Zealot  
  58  5:16  Zealot  
  62  5:23  Zealot  
  62  5:27  Probe  
  65  5:31  Sentry  
  67  5:37  Zealot  
  67  5:38  Gateway  
  69  5:45  Pylon  
  69  6:03  Warp Prism  
  69  6:04  Zealot  
  73  6:09  Pylon  
  69  6:39  Immortal  
  61  6:55  Adept  
  61  6:56  Adept x3  
  69  7:10  Nexus  
  69  7:11  Probe x2 (Chrono Boost)  
  69  7:12  Twilight Council  
  69  7:13  Pylon  
  71  7:18  Immortal  
  77  7:22  Zealot  
  77  7:23  Zealot  
  77  7:24  Mothership Core (Chrono Boost)  
  81  7:33  Zealot x3  
  87  7:50  Adept x2  
  91  7:54  Adept  
  93  8:02  Pylon x2  
  93  8:14  Observer  
  94  8:26  Adept x3  
  98  8:38  Adept  
  98  8:39  Adept  
Show
View Real Time Build Order
Export as new Build Order

질주 Zerg - Winner!

Build Orders: Hatch First 

Get SALT Encoding   

  12  0:01  Drone  
  13  0:12  Overlord  
  13  0:18  Drone  
  14  0:31  Drone  
  14  0:32  Drone  
  16  0:36  Drone  
  17  0:57  Hatchery  
  17  0:58  Drone  
  17  1:02  Drone  
  18  1:09  Drone, Extractor  
  18  1:17  Drone  
  19  1:27  Spawning Pool  
  19  1:29  Drone  
  19  1:52  Overlord  
  19  2:01  Drone  
  20  2:11  Drone  
  21  2:16  Zergling x4  
  21  2:17  Queen x2  
  21  2:18  Metabolic Boost  
  21  2:21  Zergling x2  
  28  2:25  Drone  
  29  2:32  Zergling x2  
  29  2:33  Zergling x2  
  31  2:43  Zergling x2  
  31  2:44  Zergling x2  
  33  2:48  Spine Crawler  
  32  2:53  Overlord  
  32  3:00  Drone  
  32  3:05  Drone  
  34  3:07  Drone  
  35  3:14  Drone  
  35  3:16  Drone  
  37  3:25  Hatchery  
  37  3:26  Drone  
  37  3:31  Drone x4  
  41  3:37  Overlord  
  41  3:45  Drone  
  41  3:46  Drone x3  
  42  3:52  Drone  
  41  3:59  Zergling x2  
  40  4:03  Zergling x6  
  40  4:07  Zergling x8  
  47  4:14  Queen  
  49  4:26  Lair, Extractor  
  49  4:28  Drone  
  49  4:29  Drone x3, Roach Warren  
  51  4:34  Overlord  
  51  4:39  Extractor  
  51  4:45  Drone  
  51  4:48  Drone  
  51  4:49  Drone x2  
  51  4:50  Drone  
  54  5:01  Overlord  
  54  5:08  Overlord  
  54  5:15  Overlord  
  54  5:16  Drone  
  54  5:17  Drone x5  
  54  5:19  Overlord  
  60  5:23  Roach  
  60  5:24  Roach x4  
  70  5:37  Overlord, Spine Crawler  
  70  5:38  Drone x4  
  70  5:40  Glial Reconstitution  
  70  5:42  Drone x5  
  78  5:46  Drone  
  79  5:50  Drone  
  79  5:54  Drone  
  81  5:57  Roach  
  81  5:59  Hydralisk Den  
  81  6:01  Roach  
  83  6:04  Roach  
  83  6:05  Roach  
  83  6:10  Spine Crawler x2, Roach  
  87  6:13  Roach x4  
  87  6:15  Roach  
  97  6:19  Overlord  
  94  6:32  Roach  
  96  6:33  Roach x4, Zergling x2  
  96  6:36  Overlord  
  96  6:38  Overlord  
  96  6:39  Spine Crawler  
  87  6:45  Zergling x16  
  93  6:49  Overlord  
  93  6:52  Lurker Den  
  93  6:53  Drone  
  96  6:54  Drone x2  
  96  7:06  Hydralisk  
  96  7:07  Hydralisk x2  
  102  7:10  Drone  
  102  7:12  Queen  
  102  7:13  Overlord  
  102  7:14  Hydralisk  
  107  7:18  Drone x2, Overseer  
  107  7:19  Drone  
  107  7:21  Drone  
  107  7:22  Drone x4  
  115  7:24  Extractor  
  115  7:25  Drone, Extractor  
  115  7:29  Drone, Extractor  
  114  7:35  Drone  
  114  7:37  Evolution Chamber, Drone  
  115  7:39  Drone  
  115  7:42  Drone  
  117  7:54  Spine Crawler  
  116  7:59  Spine Crawler  
  116  8:00  Drone x2  
  116  8:01  Drone, Spore Crawler  
  116  8:04  Roach  
  116  8:05  Overlord, Roach x4  
  127  8:14  Overlord  
  127  8:21  Lurker x3  
  127  8:23  Roach  
  127  8:24  Roach x7  
  146  8:27  Overlord  
  146  8:28  Hatchery  
Tags
 
Matchup
PvZ
Replay Pack
me
Add a new tag
Caveats
  • Supply blocks, unpowered buildings, or Contaminate may cause inaccurate times.
  • Supply counts are checked every 10 seconds.